[ AOE2 MATCH · #490679599 ]
UnrankedGurjaras vs Bengalis
Player's team · WIN
Rival team · LOSS
[ REPLAY ANALYSIS · EXTRACTED FROM THE RECORDED GAME ]
Feudal
8:26
Castle
17:00
Imperial
30:37
| APM avg | 75.8 |
| APM peak | 121 |
| eAPM avg | 47.4 |
| Villagers / military | 197 / 119 |
Focus
⚔️ 55.7% · 🌾 44.3%
Camel Scout ×36 · Shrivamsha Rider ×34 · Skirmisher ×24 · Trebuchet (Packed) ×8 · Monk ×5 · Mangonel ×4
Feudal
9:16
Castle
20:36
Imperial
34:12
| APM avg | 48.1 |
| APM peak | 107 |
| eAPM avg | 22.1 |
| Villagers / military | 151 / 87 |
Focus
⚔️ 36.4% · 🌾 63.6%
Battle Elephant ×46 · Archer ×16 · Scout Cavalry ×11 · Monk ×6 · Spearman ×3 · Trebuchet (Packed) ×3
Match map
Initial resources + every placement click. Lines = walls · curves = elevation contours. ◆ gold · ⬟ stone · ● berries · ✦ relic · ◌ wall gap
Your base· ✓ Closed at 17:00 · 54t walls · no gate
DS_ViejoChoto's base· ✓ Closed at 20:36 · 43t walls · 1 gate(s)
Smoothed initial terrain · ◌ = detected wall gap · hover for details
Inputs per minute
— TAG_Sitaux - - DS_ViejoChoto
Build order — TAG_Sitaux
First 150 of 601 actions detected
| 0:00 | Create | Villager (Male) |
| 0:01 | Create | Villager (Male) |
| 0:01 | Build | House |
| 0:02 | Build | House |
| 0:04 | Create | Villager (Male) |
| 0:04 | Create | Villager (Male) |
| 0:40 | Build | Mill |
| 1:28 | Create | Villager (Male) |
| 1:28 | Create | Villager (Male) |
| 1:48 | Create | Villager (Male) |
| 2:23 | Create | Villager (Male) |
| 2:23 | Create | Villager (Male) |
| 2:42 | Create | Villager (Male) |
| 2:42 | Create | Villager (Male) |
| 3:02 | Build | House |
| 3:06 | Create | Villager (Male) |
| 3:07 | Create | Villager (Male) |
| 3:07 | Create | Villager (Male) |
| 3:42 | Build | Lumber Camp |
| 4:00 | Create | Villager (Male) |
| 4:00 | Create | Villager (Male) |
| 4:27 | Create | Villager (Male) |
| 4:57 | Create | Villager (Male) |
| 5:08 | Build | House |
| 5:15 | Build | Palisade Wall |
| 5:44 | Create | Villager (Male) |
| 6:15 | Research | Feudal Age |
| 6:15 | Research | Feudal Age |
| 6:33 | Build | Palisade Wall |
| 6:34 | Build | Palisade Wall |
| 7:07 | Create | Villager (Male) |
| 7:17 | Build | Barracks |
| 7:22 | Build | Palisade Wall |
| 7:39 | Build | Palisade Wall |
| 7:49 | Research | Loom |
| 7:49 | Research | Loom |
| 8:26 | Age | Feudal Age |
| 8:32 | Build | Stable |
| 8:34 | Research | Double-Bit Axe |
| 8:34 | Research | Double-Bit Axe |
| 8:39 | Create | Villager (Male) |
| 8:51 | Build | Palisade Wall |
| 8:55 | Build | Palisade Wall |
| 9:05 | Build | Farm |
| 9:06 | Create | Villager (Male) |
| 9:12 | Create | Scout Cavalry |
| 9:21 | Create | Scout Cavalry |
| 9:23 | Build | Farm |
| 9:30 | Create | Scout Cavalry |
| 9:32 | Create | Villager (Male) |
| 9:37 | Build | House |
| 9:37 | Build | House |
| 9:50 | Build | Farm |
| 10:02 | Build | Farm |
| 10:02 | Create | Villager (Male) |
| 10:04 | Create | Scout Cavalry |
| 10:11 | Build | Farm |
| 10:13 | Build | House |
| 10:31 | Create | Villager (Male) |
| 10:32 | Build | Farm |
| 10:46 | Build | House |
| 10:53 | Create | Villager (Male) |
| 11:00 | Build | Mining Camp |
| 11:16 | Create | Villager (Male) |
| 11:44 | Create | Villager (Male) |
| 11:57 | Create | Villager (Male) |
| 12:06 | Build | Farm |
| 12:08 | Build | Farm |
| 12:35 | Create | Villager (Male) |
| 12:38 | Build | Blacksmith |
| 12:44 | Build | Blacksmith |
| 12:49 | Build | Palisade Wall |
| 12:50 | Build | Palisade Wall |
| 12:57 | Create | Villager (Male) |
| 13:02 | Build | Palisade Wall |
| 13:17 | Build | Palisade Wall |
| 13:24 | Create | Villager (Male) |
| 13:53 | Create | Villager (Male) |
| 14:05 | Build | House |
| 14:08 | Build | Palisade Wall |
| 14:20 | Research | Castle Age |
| 14:20 | Research | Castle Age |
| 15:01 | Research | Horse Collar |
| 15:01 | Research | Horse Collar |
| 15:01 | Research | Horse Collar |
| 15:30 | Build | Palisade Wall |
| 16:30 | Create | Villager (Male) |
| 16:32 | Research | Scale Barding Armor |
| 16:33 | Research | Scale Barding Armor |
| 16:35 | Research | Bloodlines |
| 16:36 | Research | Bloodlines |
| 17:00 | Age | Castle Age |
| 17:01 | Build | Town Center |
| 17:03 | Create | Shrivamsha Rider |
| 17:06 | Create | Villager (Male) |
| 17:09 | Build | Town Center |
| 17:22 | Create | Shrivamsha Rider |
| 17:38 | Research | Bow Saw |
| 17:38 | Research | Bow Saw |
| 17:42 | Build | Farm |
| 17:43 | Build | Farm |
| 17:45 | Create | Villager (Male) |
| 17:46 | Create | Shrivamsha Rider |
| 18:03 | Build | Farm |
| 18:05 | Build | Farm |
| 18:06 | Build | Farm |
| 18:08 | Build | Farm |
| 18:19 | Create | Villager (Male) |
| 18:22 | Build | Farm |
| 18:23 | Create | Villager (Male) |
| 18:23 | Create | Villager (Male) |
| 18:27 | Create | Villager (Male) |
| 18:38 | Create | Villager (Male) |
| 18:38 | Create | Villager (Male) |
| 18:39 | Build | Farm |
| 18:58 | Create | Villager (Male) |
| 18:58 | Create | Villager (Male) |
| 18:59 | Build | Farm |
| 19:06 | Create | Villager (Male) |
| 19:10 | Build | Farm |
| 19:17 | Create | Villager (Male) |
| 19:17 | Create | Villager (Male) |
| 19:28 | Create | Villager (Male) |
| 19:29 | Create | Villager (Male) |
| 19:32 | Build | House |
| 19:33 | Build | House |
| 19:34 | Build | House |
| 19:43 | Create | Villager (Male) |
| 19:43 | Create | Villager (Male) |
| 19:45 | Build | Farm |
| 19:49 | Create | Villager (Male) |
| 19:50 | Create | Villager (Male) |
| 19:58 | Build | Farm |
| 19:59 | Create | Villager (Male) |
| 20:05 | Create | Villager (Male) |
| 20:17 | Build | Farm |
| 20:20 | Build | Farm |
| 20:20 | Create | Villager (Male) |
| 20:23 | Build | Farm |
| 20:25 | Build | Farm |
| 20:26 | Create | Villager (Male) |
| 20:29 | Create | Villager (Male) |
| 20:50 | Research | Wheelbarrow |
| 20:55 | Create | Villager (Male) |
| 20:56 | Create | Villager (Male) |
| 20:59 | Create | Villager (Male) |
| 21:11 | Create | Villager (Male) |
| 21:11 | Create | Villager (Male) |
| 21:17 | Build | Siege Workshop |
| 21:20 | Create | Villager (Male) |
Build order — DS_ViejoChoto
First 150 of 437 actions detected
| 0:00 | Create | Villager (Male) |
| 0:00 | Create | Villager (Male) |
| 0:00 | Create | Villager (Male) |
| 0:02 | Build | House |
| 0:03 | Build | House |
| 0:08 | Create | Villager (Male) |
| 0:08 | Create | Villager (Male) |
| 1:27 | Create | Villager (Male) |
| 1:27 | Create | Villager (Male) |
| 1:56 | Create | Villager (Male) |
| 1:56 | Create | Villager (Male) |
| 1:56 | Create | Villager (Male) |
| 2:17 | Create | Villager (Male) |
| 2:43 | Create | Villager (Male) |
| 2:43 | Create | Villager (Male) |
| 2:58 | Create | Villager (Male) |
| 3:10 | Create | Villager (Male) |
| 3:19 | Build | Lumber Camp |
| 3:25 | Build | House |
| 3:39 | Create | Villager (Male) |
| 3:39 | Create | Villager (Male) |
| 4:14 | Create | Villager (Male) |
| 4:32 | Create | Villager (Male) |
| 4:45 | Create | Villager (Male) |
| 5:12 | Create | Villager (Male) |
| 5:49 | Build | Barracks |
| 5:57 | Create | Villager (Male) |
| 6:07 | Research | Loom |
| 6:23 | Build | House |
| 6:46 | Research | Feudal Age |
| 7:08 | Create | Militia |
| 7:25 | Build | Mining Camp |
| 7:32 | Create | Militia |
| 8:35 | Create | Villager (Male) |
| 8:39 | Build | House |
| 9:16 | Age | Feudal Age |
| 9:23 | Create | Spearman |
| 9:33 | Create | Villager (Male) |
| 9:35 | Build | Archery Range |
| 9:44 | Build | Mill |
| 9:53 | Create | Villager (Male) |
| 9:56 | Create | Villager (Male) |
| 9:58 | Build | House |
| 10:03 | Research | Town Watch |
| 10:03 | Create | Villager (Male) |
| 10:07 | Create | Spearman |
| 10:11 | Build | House |
| 10:15 | Build | House |
| 10:23 | Create | Archer |
| 10:41 | Create | Archer |
| 10:42 | Create | Villager (Male) |
| 10:50 | Build | Palisade Wall |
| 11:02 | Create | Archer |
| 11:04 | Create | Villager (Male) |
| 11:09 | Build | Palisade Wall |
| 11:24 | Create | Archer |
| 11:27 | Build | Farm |
| 12:00 | Build | Farm |
| 12:00 | Create | Villager (Male) |
| 12:02 | Create | Villager (Male) |
| 12:07 | Build | Farm |
| 12:07 | Create | Archer |
| 12:18 | Build | Blacksmith |
| 12:26 | Build | Farm |
| 12:27 | Create | Villager (Male) |
| 12:46 | Create | Archer |
| 13:06 | Build | House |
| 13:09 | Research | Fletching |
| 13:09 | Create | Archer |
| 13:18 | Build | Palisade Wall |
| 13:22 | Create | Villager (Male) |
| 13:24 | Create | Archer |
| 13:28 | Create | Spearman |
| 13:42 | Create | Villager (Male) |
| 14:11 | Build | Palisade Wall |
| 14:17 | Create | Villager (Male) |
| 14:19 | Build | Farm |
| 14:21 | Build | Farm |
| 14:23 | Create | Villager (Male) |
| 14:26 | Create | Archer |
| 14:28 | Create | Villager (Male) |
| 14:45 | Create | Villager (Male) |
| 14:47 | Build | Farm |
| 15:12 | Build | Market |
| 15:21 | Build | Palisade Wall |
| 15:26 | Create | Archer |
| 15:27 | Create | Villager (Male) |
| 15:31 | Build | Farm |
| 15:51 | Build | Farm |
| 16:07 | Build | Palisade Wall |
| 16:16 | Create | Villager (Male) |
| 16:25 | Create | Villager (Male) |
| 16:32 | Create | Archer |
| 16:32 | Create | Villager (Male) |
| 16:35 | Build | House |
| 16:38 | Build | Farm |
| 16:41 | Research | Horse Collar |
| 17:12 | Create | Archer |
| 17:17 | Build | Farm |
| 17:18 | Build | Farm |
| 17:35 | Create | Villager (Male) |
| 17:56 | Research | Castle Age |
| 18:03 | Build | Farm |
| 18:16 | Build | Palisade Gate |
| 18:22 | Build | Palisade Wall |
| 18:27 | Build | House |
| 18:29 | Build | House |
| 18:29 | Build | House |
| 18:30 | Build | House |
| 18:37 | Research | Horse Collar |
| 18:39 | Research | Gold Mining |
| 19:09 | Create | Archer |
| 19:14 | Build | Palisade Wall |
| 19:27 | Build | House |
| 19:40 | Research | Padded Archer Armor |
| 19:58 | Create | Archer |
| 20:00 | Build | House |
| 20:08 | Create | Villager (Male) |
| 20:11 | Research | Double-Bit Axe |
| 20:36 | Age | Castle Age |
| 20:41 | Research | Bodkin Arrow |
| 20:45 | Build | House |
| 20:47 | Build | House |
| 20:58 | Create | Villager (Male) |
| 21:07 | Build | Town Center |
| 21:11 | Create | Villager (Male) |
| 21:20 | Build | House |
| 21:28 | Create | Villager (Male) |
| 21:33 | Build | Monastery |
| 21:40 | Research | Crossbowman (upgrade) |
| 21:56 | Build | Farm |
| 22:03 | Create | Villager (Male) |
| 22:08 | Create | Monk |
| 22:16 | Create | Villager (Male) |
| 22:36 | Create | Villager (Male) |
| 22:44 | Build | Town Center |
| 22:55 | Create | Villager (Male) |
| 22:57 | Build | Farm |
| 22:58 | Create | Villager (Male) |
| 23:02 | Create | Monk |
| 23:27 | Build | Palisade Gate |
| 23:37 | Create | Villager (Male) |
| 23:44 | Create | Villager (Male) |
| 23:45 | Create | Villager (Male) |
| 23:49 | Build | Farm |
| 23:49 | Build | Farm |
| 23:50 | Build | Farm |
| 23:50 | Build | Farm |
| 23:50 | Build | Farm |
| 23:57 | Create | Villager (Male) |
Match timeline
| 5:15 | TAG_Sitaux · wall_segment Palisade Wall x1 |
| 5:49 | DS_ViejoChoto · first_building Barracks |
| 6:33 | TAG_Sitaux · wall_segment Palisade Wall x1 |
| 6:34 | TAG_Sitaux · wall_segment Palisade Wall x1 |
| 7:17 | TAG_Sitaux · first_building Barracks |
| 7:22 | TAG_Sitaux · wall_segment Palisade Wall x1 |
| 7:39 | TAG_Sitaux · wall_segment Palisade Wall x1 |
| 8:26 | TAG_Sitaux · age_up feudal |
| 8:32 | TAG_Sitaux · first_building Stable |
| 8:51 | TAG_Sitaux · wall_segment Palisade Wall x1 |
| 8:55 | TAG_Sitaux · wall_segment Palisade Wall x1 |
| 9:16 | DS_ViejoChoto · age_up feudal |
| 9:35 | DS_ViejoChoto · first_building Archery Range |
| 10:50 | DS_ViejoChoto · wall_segment Palisade Wall x8 |
| 11:09 | DS_ViejoChoto · wall_segment Palisade Wall x7 |
| 12:49 | TAG_Sitaux · wall_segment Palisade Wall x7 |
| 12:50 | TAG_Sitaux · wall_segment Palisade Wall x5 |
| 13:02 | TAG_Sitaux · wall_segment Palisade Wall x9 |
| 13:17 | TAG_Sitaux · wall_segment Palisade Wall x7 |
| 13:18 | DS_ViejoChoto · wall_segment Palisade Wall x1 |
| 14:08 | TAG_Sitaux · wall_segment Palisade Wall x19 |
| 14:11 | DS_ViejoChoto · wall_segment Palisade Wall x12 |
| 15:21 | DS_ViejoChoto · wall_segment Palisade Wall x1 |
| 15:30 | TAG_Sitaux · wall_segment Palisade Wall x1 |
| 16:07 | DS_ViejoChoto · wall_segment Palisade Wall x9 |
| 17:00 | TAG_Sitaux · age_up castle |
| 17:40 | DS_ViejoChoto · first_market_buy 100 food |
| 17:47 | DS_ViejoChoto · first_market_sell 100 stone |
| 18:22 | DS_ViejoChoto · wall_segment Palisade Wall x4 |
| 19:14 | DS_ViejoChoto · wall_segment Palisade Wall x1 |
| 20:36 | DS_ViejoChoto · age_up castle |
| 21:17 | TAG_Sitaux · first_building Siege Workshop |
| 21:33 | DS_ViejoChoto · first_building Monastery |
| 23:01 | TAG_Sitaux · first_building Monastery |
| 24:31 | DS_ViejoChoto · first_building Stable |
| 27:26 | TAG_Sitaux · first_building Archery Range |
| 28:25 | TAG_Sitaux · wall_segment Palisade Wall x1 |
| 29:55 | TAG_Sitaux · first_building Castle |
| 30:37 | TAG_Sitaux · age_up imperial |
| 31:17 | TAG_Sitaux · wall_segment Stone Wall x1 |
| 34:12 | DS_ViejoChoto · age_up imperial |
| 34:14 | TAG_Sitaux · first_market_sell 100 food |
| 34:45 | DS_ViejoChoto · first_building Castle |
| 37:11 | TAG_Sitaux · first_market_buy 100 food |
| 38:53 | TAG_Sitaux · wall_segment Stone Wall x12 |
| 40:33 | DS_ViejoChoto · wall_segment Palisade Wall x1 |
| 43:22 | DS_ViejoChoto · resign |
[ AI ANALYSIS · 1 CREDIT ]
What really happened in this match?
Wolo.gg analyzes every decision: build order, eco, micro, common mistakes by bracket. Personalized analysis on WhatsApp or Discord in 30 seconds.
Civ guide
Gurjaras
Perfil
Jugador #212721